Penguins vs Flames
Created - February 8, 2020 at 23:44
Goals
|
Penguins |
2 |
1 |
0 |
3 |
Flames |
4 |
0 |
1 |
5 |
|
Shots
|
Penguins |
16 |
8 |
12 |
36 |
Flames |
17 |
8 |
14 |
39 |
|
1st period
1. Penguins , Dustin Brown 11 (Marcus Foligno 8, Ryan O'Reilly 17) at 7:28
2. Flames , Alexander Semin 15 (Sami Vatanen 14, Jonas Gustavsson) at 8:31 (PP)
3. Flames , Brad Marchand 16 (Eric Staal 36) at 10:39
4. Penguins , Steven Stamkos 23 (Claude Giroux 34) at 13:00
5. Flames , Alexander Semin 16 (Sami Vatanen 15, Erik Johnson 20) at 16:43
6. Flames , David Backes 24 (Alexander Semin 24, Eric Staal 37) at 18:19 (PP)
Penalties :
Eric Gryba (Pit) for Hooking (Minor) at 8:00, Cal Clutterbuck (Pit) for Tripping (Minor) at 18:16
2nd period
7. Penguins , Ales Hemsky 4 (Logan Couture 13, Clarke MacArthur 6) at 11:48
Penalties :
Sami Vatanen (Cal) for Holding (Minor) at 2:51, Andrew Cogliano (Pit) for Hooking (Minor) at 2:57, Steven Stamkos (Pit) for Holding (Minor) at 11:55
3rd period
8. Flames , Eric Staal 24 (David Backes 24) at 4:47
Penalties :
Keith Aulie (Pit) for Interference (Minor) at 13:18
Goalie Stats
Michal Neuvirth (Pit), 13 saves from 17 shots - (0.765), L, 21-10-4, 18:19 minutes
Sergei Bobrovsky (Pit), 21 saves from 22 shots - (0.955), 41:41 minutes
Jonas Gustavsson (Cal), 33 saves from 36 shots - (0.917), W, 18-11-2, 60:00 minutes
Players Stats for Penguins
Player Name G A P +/- PIM S H SB GA TA FO MP PP MP PK MP
------------------------------------------------------------------------------------
Ales Hemsky 1 0 1 1 0 3 0 0 0 0 0/1 7:34 0:00 0:00
Andrew Cogliano 0 0 0 0 2 3 2 1 0 1 0/1 19:37 0:05 0:43
Cal Clutterbuck 0 0 0 0 2 2 2 1 0 0 0/1 13:15 0:00 0:36
Clarke MacArthur 0 1 1 0 0 3 0 0 1 0 0/0 12:44 0:00 0:20
Claude Giroux 0 1 1 0 0 6 2 1 0 0 0/0 20:37 0:06 2:59
Danny DeKeiser 0 0 0 0 0 1 2 1 0 1 0/0 21:03 0:00 2:13
Dennis Wideman 0 0 0 0 0 0 1 2 0 0 0/0 15:00 0:00 0:40
Dustin Brown 1 0 1 -1 0 3 1 0 0 2 1/2 14:54 0:00 0:00
Eric Gryba 0 0 0 0 2 0 0 2 0 0 0/0 15:25 0:00 1:12
Joe Colborne 0 0 0 1 0 1 1 0 0 0 2/3 7:29 0:00 0:14
Keith Aulie 0 0 0 0 2 0 1 1 0 0 0/0 26:09 0:06 1:45
Logan Couture 0 1 1 0 0 2 0 1 0 0 2/7 15:45 0:00 1:19
Marcus Foligno 0 1 1 -1 0 0 2 0 0 0 0/1 14:27 0:00 0:00
Michael Raffl 0 0 0 1 0 0 0 0 0 0 0/0 7:09 0:00 0:00
Roman Josi 0 0 0 0 0 0 2 0 1 0 0/0 17:16 0:00 0:00
Ryan O'Reilly 0 1 1 -1 0 8 2 1 0 0 7/13 17:13 0:00 1:08
Sean Zimmerman 0 0 0 0 0 2 2 0 0 1 0/0 26:28 0:06 3:26
Steven Stamkos 1 0 1 0 2 2 2 0 2 0 20/35 21:19 0:06 1:57
Players Stats for Flames
Player Name G A P +/- PIM S H SB GA TA FO MP PP MP PK MP
------------------------------------------------------------------------------------
Alexander Semin 2 1 3 1 0 6 5 0 2 1 3/4 20:07 3:19 0:00
Brad Marchand 1 0 1 0 0 7 0 0 0 0 1/3 18:59 1:19 0:06
Brendan Mikkelson 0 0 0 0 0 0 0 1 0 0 0/0 15:01 0:06 0:00
Colin Wilson 0 0 0 0 0 0 1 0 2 0 6/13 11:08 0:00 0:06
David Backes 1 1 2 0 0 3 0 1 1 0 1/1 19:36 3:19 0:00
David Ullstrom 0 0 0 -1 0 0 1 0 0 0 0/0 10:14 0:06 0:00
Derek Meech 0 0 0 -1 0 3 2 0 0 1 0/0 21:57 1:47 0:00
Eric Staal 1 2 3 0 0 7 4 1 0 0 17/31 20:36 3:19 0:00
Erik Johnson 0 1 1 1 0 4 1 1 0 0 0/0 24:12 2:51 0:06
Jordin Tootoo 0 0 0 0 0 4 1 0 0 0 1/2 12:30 0:00 0:00
Kyle Palmieri 0 0 0 -1 0 0 1 0 0 1 0/0 9:10 0:00 0:00
Mikhail Grabovski 0 0 0 -1 0 0 1 0 0 0 1/2 9:19 0:00 0:00
Patrik Berglund 0 0 0 1 0 1 0 0 0 0 2/8 17:05 1:13 0:00
Peter Prucha 0 0 0 1 0 1 0 0 0 0 0/0 17:05 1:13 0:00
Sami Vatanen 0 2 2 1 2 1 1 1 0 1 0/0 22:55 2:51 0:00
Steve Eminger 0 0 0 -1 0 2 0 1 0 0 0/0 20:20 0:00 0:00
Steve Regier 0 0 0 0 0 0 0 0 0 0 0/0 11:22 0:00 0:00
Tim Ramholt 0 0 0 0 0 0 1 1 0 0 0/0 16:24 1:47 0:06
3 Stars
1 - Alexander Semin (Cal)
2 - Eric Staal (Cal)
3 - David Backes (Cal)
Power Play
Penguins - 0 on 1 Attempt(s) - 0.00%
Flames - 2 on 5 Attempt(s) - 40.00%
Penalty Kill
Penguins - 3 on 5 Attempt(s) - 60.00%
- Score 0 goal in Penalty Kill
Flames - 1 on 1 Attempt(s) - 100.00%
- Score 0 goal in Penalty Kill
Team Stat
Penguins - Hits : 22 - Faceoff Wins : 32 - Blocked Shots : 11 - Penalty Minutes : 10
Flames - Hits : 19 - Faceoff Wins : 32 - Blocked Shots : 7 - Penalty Minutes : 2
Official
Referees : Unknown
Linesman : Unknown
Game Notes
Sergei Bobrovsky enters game at 18:19 of 1st period
Finance
Level 1 -- Attendance: 4567 (76.12%) -- Ticket Income $506,937
Level 2 -- Attendance: 4223 (84.46%) -- Ticket Income $304,056
Level 3 -- Attendance: 1439 (71.95%) -- Ticket Income $67,633
Level 4 -- Attendance: 3410 (85.25%) -- Ticket Income $109,120
Luxury Box -- Attendance: 857 (85.70%) -- Ticket Income $160,259
Game was played at the Metal Center.
Total Attendance: 14496 (80.53%)
Total Ticket Income: $1,148,005
Other Income: $172,201
Total Income: $1,320,206
Penguins
5 vs 5 Forward
Center Left Wing Right Wing Time % Phy DF OF
1 Steven Stamkos Andrew Cogliano Claude Giroux 40 0 1 4
2 Ryan O'Reilly Marcus Foligno Dustin Brown 30 0 1 4
3 Logan Couture Clarke MacArthur Cal Clutterbuck 20 0 1 4
4 Joe Colborne Michael Raffl Ales Hemsky 10 0 1 4
5 vs 5 Defense
Defense Defense Time % Phy DF OF
1 Sean Zimmerman Keith Aulie 44 1 2 2
2 Danny DeKeiser Roman Josi 33 1 2 2
3 Eric Gryba Dennis Wideman 23 1 2 2
4 Sean Zimmerman Keith Aulie 0 1 2 2
PowerPlay Forward
Center Left Wing Right Wing Time % Phy DF OF
1 Steven Stamkos Andrew Cogliano Claude Giroux 60 0 1 4
2 Ryan O'Reilly Marcus Foligno Dustin Brown 40 0 1 4
PowerPlay Defense
Defense Defense Time % Phy DF OF
1 Sean Zimmerman Keith Aulie 60 1 1 3
2 Danny DeKeiser Dennis Wideman 40 1 1 3
Penalty Kill 4 Players Forward
Center Wing Time % Phy DF OF
1 Steven Stamkos Claude Giroux 60 1 4 0
2 Logan Couture Cal Clutterbuck 40 1 4 0
Penalty Kill 4 Players Defense
Defense Defense Time % Phy DF OF
1 Sean Zimmerman Keith Aulie 60 1 4 0
2 Danny DeKeiser Eric Gryba 40 1 4 0
Penalty Kill - 3 Players Forward
Forward Time % Phy DF OF
1 Claude Giroux 60 1 4 0
2 Logan Couture 40 1 4 0
Penalty Kill - 3 Players Defense
Defense Defense Time % Phy DF OF
1 Sean Zimmerman Keith Aulie 60 1 4 0
2 Danny DeKeiser Eric Gryba 40 1 4 0
4 vs 4 Forward
Center Wing Time % Phy DF OF
1 Steven Stamkos Claude Giroux 60 1 1 3
2 Ryan O'Reilly Dustin Brown 40 1 1 3
4 vs 4 Defense
Defense Defense Time % Phy DF OF
1 Sean Zimmerman Keith Aulie 60 1 2 2
2 Danny DeKeiser Dennis Wideman 40 1 2 2
Last Minutes Offensive
Center Left Wing Right Wing Defense Defense
Steven Stamkos Andrew Cogliano Claude Giroux Sean Zimmerman Keith Aulie
Last Minutes Defensive
Center Left Wing Right Wing Defense Defense
Steven Stamkos Andrew Cogliano Claude Giroux Sean Zimmerman Keith Aulie
Goaltenders
Starting : Michal Neuvirth
Backup : Sergei Bobrovsky
Extra Forwards
Normal : Steven Stamkos, Ryan O'Reilly, Logan Couture - PP : Steven Stamkos, Ryan O'Reilly - PK : Claude Giroux
Extra Defensemen
Normal : Sean Zimmerman, Danny DeKeiser, Eric Gryba - PP : Danny DeKeiser - PK : Sean Zimmerman, Danny DeKeiser
Penalty Shots
Andrew Cogliano, Claude Giroux, Steven Stamkos, Ryan O'Reilly, Marcus Foligno
Scratches
None
Flames
5 vs 5 Forward
Center Left Wing Right Wing Time % Phy DF OF
1 Eric Staal Brad Marchand David Backes 40 1 2 2
2 Patrik Berglund Alexander Semin Peter Prucha 33 2 2 1
3 Colin Wilson Steve Regier Jordin Tootoo 19 2 2 1
4 Mikhail Grabovski David Ullstrom Kyle Palmieri 8 2 2 1
5 vs 5 Defense
Defense Defense Time % Phy DF OF
1 Erik Johnson Sami Vatanen 38 1 2 2
2 Derek Meech Steve Eminger 29 2 2 1
3 Brendan Mikkelson Tim Ramholt 23 2 2 1
4 Derek Meech Steve Eminger 10 2 2 1
PowerPlay Forward
Center Left Wing Right Wing Time % Phy DF OF
1 Eric Staal Alexander Semin David Backes 60 1 0 4
2 Patrik Berglund Brad Marchand Peter Prucha 40 1 0 4
PowerPlay Defense
Defense Defense Time % Phy DF OF
1 Erik Johnson Sami Vatanen 60 1 1 3
2 Derek Meech Tim Ramholt 40 1 1 3
Penalty Kill 4 Players Forward
Center Wing Time % Phy DF OF
1 Colin Wilson Brad Marchand 50 1 4 0
2 Patrik Berglund Jordin Tootoo 50 1 4 0
Penalty Kill 4 Players Defense
Defense Defense Time % Phy DF OF
1 Derek Meech Steve Eminger 58 1 4 0
2 Erik Johnson Tim Ramholt 42 1 4 0
Penalty Kill - 3 Players Forward
Forward Time % Phy DF OF
1 Eric Staal 50 1 4 0
2 Brad Marchand 50 1 4 0
Penalty Kill - 3 Players Defense
Defense Defense Time % Phy DF OF
1 Derek Meech Steve Eminger 58 1 4 0
2 Erik Johnson Tim Ramholt 42 1 4 0
4 vs 4 Forward
Center Wing Time % Phy DF OF
1 Eric Staal Alexander Semin 60 2 2 1
2 Colin Wilson Brad Marchand 40 2 2 1
4 vs 4 Defense
Defense Defense Time % Phy DF OF
1 Erik Johnson Sami Vatanen 60 2 2 1
2 Derek Meech Steve Eminger 40 2 2 1
Last Minutes Offensive
Center Left Wing Right Wing Defense Defense
Eric Staal Alexander Semin David Backes Erik Johnson Tim Ramholt
Last Minutes Defensive
Center Left Wing Right Wing Defense Defense
Eric Staal Alexander Semin David Backes Erik Johnson Steve Eminger
Goaltenders
Starting : Jonas Gustavsson
Backup : Pekka Rinne
Extra Forwards
Normal : Brad Marchand, Jordin Tootoo, David Ullstrom - PP : David Ullstrom, Colin Wilson - PK : Brad Marchand
Extra Defensemen
Normal : Derek Meech, Steve Eminger, Tim Ramholt - PP : Derek Meech - PK : Erik Johnson, Tim Ramholt
Penalty Shots
Eric Staal, Alexander Semin, David Backes, Brad Marchand, Patrik Berglund
Scratches
None
% Time on Ice - Penguins
Lines # - Real PCT - Wanted PCT - Time Play
Normal Forward
1 - 35% - 40% - 18:35
2 - 31% - 30% - 16:22
3 - 21% - 20% - 11:17
4 - 13% - 10% - 7:09
Normal Defense
1 - 44% - 44% - 23:16
2 - 34% - 33% - 18:00
3 - 23% - 23% - 12:07
4 - 0% - 0% - 0:00
PP Forward
1 - 100% - 60% - 0:06
2 - 0% - 40% - 0:00
PP Defense
1 - 100% - 60% - 0:06
2 - 0% - 40% - 0:00
PK Forward
1 - 87% - 60% - 4:02
2 - 13% - 40% - 0:36
PK Defense
1 - 81% - 60% - 3:44
2 - 19% - 40% - 0:54
PK3 Forward
1 - 0% - 60%
2 - 0% - 40%
PK3 Defense
1 - 0% - 60%
2 - 0% - 40%
44 Forward
1 - 79% - 60% - 1:29
2 - 21% - 40% - 0:24
44 Defense
1 - 56% - 60% - 1:03
2 - 44% - 40% - 0:50
Last Minute Offensive - 0:00
Last Minute Defensive - 0:00
Total
Forward - 60:00
Defense - 60:00
|
% Time on Ice - Flames
Lines # - Real PCT - Wanted PCT - Time Play
Normal Forward
1 - 33% - 40% - 17:52
2 - 30% - 33% - 16:11
3 - 20% - 19% - 10:52
4 - 16% - 8% - 8:28
Normal Defense
1 - 38% - 38% - 20:05
2 - 29% - 29% - 15:36
3 - 26% - 23% - 13:48
4 - 7% - 10% - 3:54
PP Forward
1 - 74% - 60% - 3:25
2 - 26% - 40% - 1:13
PP Defense
1 - 62% - 60% - 2:51
2 - 38% - 40% - 1:47
PK Forward
1 - 100% - 50% - 0:06
2 - 0% - 50% - 0:00
PK Defense
1 - 0% - 58% - 0:00
2 - 100% - 42% - 0:06
PK3 Forward
1 - 0% - 50%
2 - 0% - 50%
PK3 Defense
1 - 0% - 58%
2 - 0% - 42%
44 Forward
1 - 91% - 60% - 1:43
2 - 9% - 40% - 0:10
44 Defense
1 - 100% - 60% - 1:53
2 - 0% - 40% - 0:00
Last Minute Offensive - 0:00
Last Minute Defensive - 0:00
Total
Forward - 60:00
Defense - 60:00
|
Play-by-Play
1st period
0:01 of 1st period - Eric Staal wins face-off versus Steven Stamkos in neutral zone.
0:11 of 1st period - Slapshot by Claude Giroux.
0:11 of 1st period - Stopped by Jonas Gustavsson without a rebound.
0:12 of 1st period - Alexander Semin wins face-off versus Ryan O'Reilly in Flames zone.
1:24 of 1st period - Eric Gryba is hit by Eric Staal and loses puck.
1:53 of 1st period - Patrik Berglund is hit by Marcus Foligno and loses puck.
2:10 of 1st period - Wrist shot by Logan Couture.
2:10 of 1st period - Stopped by Jonas Gustavsson without a rebound.
2:11 of 1st period - Eric Staal wins face-off versus Steven Stamkos in Flames zone.
2:11 of 1st period - Eric Staal is hit by Steven Stamkos.
2:23 of 1st period - Wrist shot by Eric Staal.
2:23 of 1st period - Deflect By Brad Marchand.
2:23 of 1st period - Shot Misses the Net.
2:23 of 1st period - Puck is out of play.
2:24 of 1st period - Steven Stamkos wins face-off versus Eric Staal in Penguins zone.
2:33 of 1st period - Wrist shot by Claude Giroux.
2:33 of 1st period - Shot Misses the Net.
2:35 of 1st period - Slapshot by Sean Zimmerman.
2:35 of 1st period - Stopped by Jonas Gustavsson with a rebound.
2:37 of 1st period - Slapshot by Keith Aulie.
2:37 of 1st period - Shot Blocked by David Backes.
2:39 of 1st period - Slapshot by Andrew Cogliano.
2:39 of 1st period - Shot Misses the Net.
2:50 of 1st period - Icing by Patrik Berglund.
2:51 of 1st period - Alexander Semin wins face-off versus Marcus Foligno in Flames zone.
2:51 of 1st period - Alexander Semin is hit by Marcus Foligno.
3:03 of 1st period - Snap shot by Ryan O'Reilly.
3:03 of 1st period - Deflect By Marcus Foligno.
3:03 of 1st period - Shot Misses the Net.
3:03 of 1st period - Puck is out of play.
3:04 of 1st period - Steven Stamkos wins face-off versus Colin Wilson in Flames zone.
3:05 of 1st period - Snap shot by Claude Giroux.
3:05 of 1st period - Stopped by Jonas Gustavsson without a rebound.
3:06 of 1st period - Colin Wilson wins face-off versus Steven Stamkos in Flames zone.
3:06 of 1st period - Colin Wilson is hit by Andrew Cogliano.
3:34 of 1st period - Snap shot by Brad Marchand.
3:34 of 1st period - Stopped by Michal Neuvirth with a rebound.
3:36 of 1st period - Wrist shot by Brad Marchand.
3:36 of 1st period - Shot Blocked by Logan Couture.
3:38 of 1st period - Slapshot by Steve Eminger.
3:38 of 1st period - Shot Misses the Net.
3:40 of 1st period - Snap shot by Brad Marchand.
3:40 of 1st period - Stopped by Michal Neuvirth with a rebound.
3:42 of 1st period - Slapshot by David Backes.
3:42 of 1st period - Shot Misses the Net.
4:35 of 1st period - Steven Stamkos is hit by Alexander Semin and loses puck.
5:15 of 1st period - Steve Regier is hit by Ryan O'Reilly and loses puck.
5:32 of 1st period - Snap shot by Ales Hemsky.
5:32 of 1st period - Stopped by Jonas Gustavsson with a rebound.
5:34 of 1st period - Slapshot by Joe Colborne.
5:34 of 1st period - Shot Misses the Net.
5:52 of 1st period - Brendan Mikkelson is hit by Danny DeKeiser and loses puck.
6:39 of 1st period - Snap shot by Jordin Tootoo.
6:39 of 1st period - Shot Misses the Net.
6:41 of 1st period - Slapshot by Derek Meech.
6:41 of 1st period - Shot Hit the Post.
6:43 of 1st period - Snap shot by Derek Meech.
6:43 of 1st period - Shot Blocked by Cal Clutterbuck.
7:07 of 1st period - Claude Giroux is hit by Alexander Semin and loses puck.
7:20 of 1st period - Slapshot by Dustin Brown.
7:20 of 1st period - Stopped by Jonas Gustavsson without a rebound.
7:21 of 1st period - Ryan O'Reilly wins face-off versus Eric Staal in Flames zone.
7:24 of 1st period - Snap shot by Ryan O'Reilly.
7:24 of 1st period - Shot Misses the Net.
7:28 of 1st period - Slapshot by Dustin Brown.
7:28 of 1st period - Goal by Dustin Brown - Penguins : 1 - Flames : 0.
7:29 of 1st period - David Backes wins face-off versus Steven Stamkos in neutral zone.
7:34 of 1st period - Snap shot by Eric Staal.
7:34 of 1st period - Stopped by Michal Neuvirth without a rebound.
7:35 of 1st period - Steven Stamkos wins face-off versus Eric Staal in Penguins zone.
7:40 of 1st period - Wrist shot by Claude Giroux.
7:40 of 1st period - Stopped by Jonas Gustavsson without a rebound.
7:41 of 1st period - Ryan O'Reilly wins face-off versus Patrik Berglund in Flames zone.
7:48 of 1st period - Eric Gryba is hit by Derek Meech and loses puck.
8:00 of 1st period - Minor Penalty to Eric Gryba for Hooking.
8:01 of 1st period - Steven Stamkos wins face-off versus Eric Staal in Penguins zone.
8:31 of 1st period - Wrist shot by Alexander Semin.
8:31 of 1st period - Goal by Alexander Semin - Penguins : 1 - Flames : 1.
8:32 of 1st period - Steven Stamkos wins face-off versus Eric Staal in neutral zone.
9:23 of 1st period - Slapshot by Alexander Semin.
9:23 of 1st period - Shot Misses the Net.
9:27 of 1st period - Wrist shot by Steve Regier.
9:27 of 1st period - Shot Misses the Net.
9:29 of 1st period - Slapshot by Erik Johnson.
9:29 of 1st period - Shot Misses the Net.
9:31 of 1st period - Wrist shot by Jordin Tootoo.
9:31 of 1st period - Stopped by Michal Neuvirth with a rebound.
9:33 of 1st period - Slapshot by Sami Vatanen.
9:33 of 1st period - Shot Misses the Net.
10:11 of 1st period - Snap shot by Brad Marchand.
10:11 of 1st period - Deflect By Steven Stamkos.
10:11 of 1st period - Stopped by Michal Neuvirth without a rebound.
10:12 of 1st period - Steven Stamkos wins face-off versus Patrik Berglund in Penguins zone.
10:39 of 1st period - Snap shot by Brad Marchand.
10:39 of 1st period - Goal by Brad Marchand - Penguins : 1 - Flames : 2.
10:40 of 1st period - Eric Staal wins face-off versus Ryan O'Reilly in neutral zone.
10:47 of 1st period - Snap shot by Brad Marchand.
10:47 of 1st period - Stopped by Michal Neuvirth with a rebound.
11:28 of 1st period - Wrist shot by Logan Couture.
11:28 of 1st period - Shot Misses the Net.
11:38 of 1st period - Wrist shot by Clarke MacArthur.
11:38 of 1st period - Stopped by Jonas Gustavsson with a rebound.
11:43 of 1st period - Icing by Erik Johnson.
11:44 of 1st period - Colin Wilson wins face-off versus Ryan O'Reilly in Flames zone.
11:44 of 1st period - Colin Wilson is hit by Ryan O'Reilly.
11:54 of 1st period - Snap shot by Erik Johnson.
11:54 of 1st period - Stopped by Michal Neuvirth without a rebound.
11:55 of 1st period - Steven Stamkos wins face-off versus Eric Staal in Penguins zone.
12:00 of 1st period - Snap shot by Andrew Cogliano.
12:00 of 1st period - Stopped by Jonas Gustavsson without a rebound.
12:01 of 1st period - Steven Stamkos wins face-off versus Eric Staal in Flames zone.
12:38 of 1st period - Keith Aulie is hit by Eric Staal.
13:00 of 1st period - Wrist shot by Steven Stamkos.
13:00 of 1st period - Goal by Steven Stamkos - Penguins : 2 - Flames : 2.
13:01 of 1st period - Ryan O'Reilly wins face-off versus Patrik Berglund in neutral zone.
13:18 of 1st period - Wrist shot by Patrik Berglund.
13:18 of 1st period - Shot Misses the Net.
13:37 of 1st period - Snap shot by Ryan O'Reilly.
13:37 of 1st period - Stopped by Jonas Gustavsson with a rebound.
14:24 of 1st period - Slapshot by David Ullstrom.
14:24 of 1st period - Shot Blocked by Ryan O'Reilly.
14:26 of 1st period - Backhand shot by Derek Meech.
14:26 of 1st period - Stopped by Michal Neuvirth without a rebound.
14:27 of 1st period - Steven Stamkos wins face-off versus Patrik Berglund in Penguins zone.
14:36 of 1st period - Snap shot by Steven Stamkos.
14:36 of 1st period - Stopped by Jonas Gustavsson without a rebound.
14:37 of 1st period - Steven Stamkos wins face-off versus Patrik Berglund in Flames zone.
14:42 of 1st period - Wrist shot by Steven Stamkos.
14:42 of 1st period - Shot Blocked by Steve Eminger.
14:44 of 1st period - Slapshot by Claude Giroux.
14:44 of 1st period - Stopped by Jonas Gustavsson without a rebound.
14:45 of 1st period - Eric Staal wins face-off versus Logan Couture in Flames zone.
15:11 of 1st period - Alexander Semin is hit by Claude Giroux and loses puck.
15:36 of 1st period - Snap shot by Steve Regier.
15:36 of 1st period - Shot Blocked by Dennis Wideman.
15:42 of 1st period - Brendan Mikkelson is hit by Joe Colborne and loses puck.
16:25 of 1st period - Icing by Steven Stamkos.
16:26 of 1st period - Patrik Berglund wins face-off versus Steven Stamkos in Penguins zone.
16:29 of 1st period - Wrist shot by Alexander Semin.
16:29 of 1st period - Shot Misses the Net.
16:31 of 1st period - Snap shot by Patrik Berglund.
16:31 of 1st period - Shot Misses the Net.
16:33 of 1st period - Wrist shot by Peter Prucha.
16:33 of 1st period - Shot Misses the Net.
16:35 of 1st period - Slapshot by Erik Johnson.
16:35 of 1st period - Stopped by Michal Neuvirth with a rebound.
16:37 of 1st period - Wrist shot by Alexander Semin.
16:37 of 1st period - Shot Blocked by Keith Aulie.
16:39 of 1st period - Wrist shot by Erik Johnson.
16:39 of 1st period - Shot Misses the Net.
16:41 of 1st period - Slapshot by Sami Vatanen.
16:41 of 1st period - Shot Blocked by Andrew Cogliano.
16:43 of 1st period - Slapshot by Sami Vatanen.
16:43 of 1st period - Deflect By Alexander Semin.
16:43 of 1st period - Goal by Alexander Semin - Penguins : 2 - Flames : 3.
16:44 of 1st period - Ryan O'Reilly wins face-off versus Eric Staal in neutral zone.
16:47 of 1st period - Slapshot by Keith Aulie.
16:47 of 1st period - Shot Blocked by Eric Staal.
16:49 of 1st period - Snap shot by Ryan O'Reilly.
16:49 of 1st period - Stopped by Jonas Gustavsson without a rebound.
16:50 of 1st period - Eric Staal wins face-off versus Ryan O'Reilly in Flames zone.
16:56 of 1st period - Icing by Keith Aulie.
16:57 of 1st period - Ryan O'Reilly wins face-off versus Eric Staal in Penguins zone.
17:31 of 1st period - Icing by Derek Meech.
17:32 of 1st period - Steven Stamkos wins face-off versus Patrik Berglund in Flames zone.
17:53 of 1st period - Wrist shot by Patrik Berglund.
17:53 of 1st period - Shot Misses the Net.
18:01 of 1st period - Snap shot by Alexander Semin.
18:01 of 1st period - Stopped by Michal Neuvirth with a rebound.
18:03 of 1st period - Slapshot by Derek Meech.
18:03 of 1st period - Stopped by Michal Neuvirth with a rebound.
18:05 of 1st period - Snap shot by Peter Prucha.
18:05 of 1st period - Shot Misses the Net.
18:07 of 1st period - Snap shot by Steve Eminger.
18:07 of 1st period - Stopped by Michal Neuvirth without a rebound.
18:08 of 1st period - Eric Staal wins face-off versus Logan Couture in Penguins zone.
18:16 of 1st period - Minor Penalty to Cal Clutterbuck for Tripping.
18:17 of 1st period - Eric Staal wins face-off versus Steven Stamkos in Penguins zone.
18:17 of 1st period - Snap shot by Alexander Semin.
18:17 of 1st period - Stopped by Michal Neuvirth with a rebound.
18:19 of 1st period - Wrist shot by David Backes.
18:19 of 1st period - Goal by David Backes - Penguins : 2 - Flames : 4.
18:19 of 1st period - Sergei Bobrovsky enters game.
18:20 of 1st period - Eric Staal wins face-off versus Logan Couture in neutral zone.
19:10 of 1st period - Cal Clutterbuck is hit by David Ullstrom and loses puck.
19:35 of 1st period - Snap shot by Dustin Brown.
19:35 of 1st period - Stopped by Jonas Gustavsson with a rebound.
19:58 of 1st period - Wrist shot by Ryan O'Reilly.
19:58 of 1st period - Shot Misses the Net.
Goals for this period are 2 for Penguins vs 4 for Flames.
Shots for this period are 16 for Penguins vs 17 for Flames.
2nd period
0:01 of 2nd period - Steven Stamkos wins face-off versus Brad Marchand in neutral zone.
0:14 of 2nd period - Wrist shot by David Backes.
0:14 of 2nd period - Shot Misses the Net.
0:26 of 2nd period - Danny DeKeiser is hit by Erik Johnson and loses puck.
1:12 of 2nd period - Snap shot by Claude Giroux.
1:12 of 2nd period - Stopped by Jonas Gustavsson with a rebound.
2:28 of 2nd period - Wrist shot by Alexander Semin.
2:28 of 2nd period - Deflect By Patrik Berglund.
2:28 of 2nd period - Stopped by Sergei Bobrovsky without a rebound.
2:29 of 2nd period - Steven Stamkos wins face-off versus Brad Marchand in Penguins zone.
2:51 of 2nd period - Minor Penalty to Sami Vatanen for Holding.
2:52 of 2nd period - Colin Wilson wins face-off versus Steven Stamkos in Flames zone.
2:52 of 2nd period - Colin Wilson is hit by Claude Giroux.
2:57 of 2nd period - Minor Penalty to Andrew Cogliano for Hooking.
2:58 of 2nd period - Eric Staal wins face-off versus Steven Stamkos in Penguins zone.
3:25 of 2nd period - Erik Johnson is hit by Steven Stamkos and loses puck.
3:44 of 2nd period - Eric Staal is hit by Danny DeKeiser.
4:22 of 2nd period - Wrist shot by Dustin Brown.
4:22 of 2nd period - Shot Blocked by Tim Ramholt.
4:51 of 2nd period - Penalty to Sami Vatanen is over, Sami Vatanen is back on ice.
4:57 of 2nd period - Penalty to Andrew Cogliano is over, Andrew Cogliano is back on ice.
5:00 of 2nd period - Slapshot by Erik Johnson.
5:00 of 2nd period - Stopped by Sergei Bobrovsky with a rebound.
5:06 of 2nd period - Slapshot by Andrew Cogliano.
5:06 of 2nd period - Shot Blocked by Erik Johnson.
5:08 of 2nd period - Wrist shot by Andrew Cogliano.
5:08 of 2nd period - Stopped by Jonas Gustavsson with a rebound.
5:40 of 2nd period - Snap shot by Clarke MacArthur.
5:40 of 2nd period - Stopped by Jonas Gustavsson without a rebound.
5:41 of 2nd period - Joe Colborne wins face-off versus Colin Wilson in Flames zone.
5:42 of 2nd period - Snap shot by Ales Hemsky.
5:42 of 2nd period - Stopped by Jonas Gustavsson without a rebound.
5:43 of 2nd period - Colin Wilson wins face-off versus Ales Hemsky in Flames zone.
5:45 of 2nd period - Icing by Derek Meech.
5:46 of 2nd period - Colin Wilson wins face-off versus Joe Colborne in Flames zone.
5:52 of 2nd period - Icing by Sean Zimmerman.
5:53 of 2nd period - Joe Colborne wins face-off versus Colin Wilson in Penguins zone.
6:04 of 2nd period - Wrist shot by Jordin Tootoo.
6:04 of 2nd period - Stopped by Sergei Bobrovsky with a rebound.
6:29 of 2nd period - Sean Zimmerman is hit by Tim Ramholt and loses puck.
7:08 of 2nd period - Snap shot by Ryan O'Reilly.
7:08 of 2nd period - Stopped by Jonas Gustavsson without a rebound.
7:09 of 2nd period - Eric Staal wins face-off versus Ryan O'Reilly in Flames zone.
7:34 of 2nd period - Snap shot by Dustin Brown.
7:34 of 2nd period - Deflect By Ryan O'Reilly.
7:34 of 2nd period - Stopped by Jonas Gustavsson without a rebound.
7:35 of 2nd period - Steven Stamkos wins face-off versus Jordin Tootoo in Flames zone.
8:00 of 2nd period - Cal Clutterbuck is hit by Alexander Semin and loses puck.
8:07 of 2nd period - Wrist shot by Alexander Semin.
8:07 of 2nd period - Shot Blocked by Eric Gryba.
8:09 of 2nd period - Slapshot by Erik Johnson.
8:09 of 2nd period - Stopped by Sergei Bobrovsky with a rebound.
8:11 of 2nd period - Slapshot by Erik Johnson.
8:11 of 2nd period - Shot Blocked by Dennis Wideman.
9:31 of 2nd period - Slapshot by Derek Meech.
9:31 of 2nd period - Shot Misses the Net.
10:02 of 2nd period - David Ullstrom is hit by Keith Aulie and loses puck.
10:21 of 2nd period - Steve Regier is hit by Andrew Cogliano and loses puck.
10:30 of 2nd period - Slapshot by Jordin Tootoo.
10:30 of 2nd period - Stopped by Sergei Bobrovsky without a rebound.
10:31 of 2nd period - Eric Staal wins face-off versus Steven Stamkos in Penguins zone.
10:34 of 2nd period - Slapshot by David Backes.
10:34 of 2nd period - Stopped by Sergei Bobrovsky with a rebound.
10:36 of 2nd period - Snap shot by Eric Staal.
10:36 of 2nd period - Stopped by Sergei Bobrovsky without a rebound.
10:37 of 2nd period - Steven Stamkos wins face-off versus Eric Staal in Penguins zone.
11:08 of 2nd period - Slapshot by Jordin Tootoo.
11:08 of 2nd period - Shot Misses the Net.
11:48 of 2nd period - Wrist shot by Ales Hemsky.
11:48 of 2nd period - Goal by Ales Hemsky - Penguins : 3 - Flames : 4.
11:49 of 2nd period - Eric Staal wins face-off versus Steven Stamkos in neutral zone.
11:55 of 2nd period - Minor Penalty to Steven Stamkos for Holding.
11:56 of 2nd period - Ryan O'Reilly wins face-off versus Eric Staal in Penguins zone.
11:56 of 2nd period - Ryan O'Reilly is hit by Sami Vatanen.
13:55 of 2nd period - Penalty to Steven Stamkos is over, Steven Stamkos is back on ice.
14:06 of 2nd period - Sean Zimmerman is hit by Jordin Tootoo and loses puck.
14:35 of 2nd period - Jordin Tootoo is hit by Roman Josi and loses puck.
15:13 of 2nd period - Slapshot by Erik Johnson.
15:13 of 2nd period - Deflect By Jordin Tootoo.
15:13 of 2nd period - Stopped by Sergei Bobrovsky without a rebound.
15:14 of 2nd period - Eric Staal wins face-off versus Dustin Brown in Penguins zone.
15:17 of 2nd period - Wrist shot by Brad Marchand.
15:17 of 2nd period - Shot Misses the Net.
15:41 of 2nd period - Dennis Wideman is hit by Alexander Semin and loses puck.
16:36 of 2nd period - Kyle Palmieri is hit by Dennis Wideman and loses puck.
17:38 of 2nd period - Jordin Tootoo is hit by Sean Zimmerman and loses puck.
18:41 of 2nd period - Icing by Keith Aulie.
18:42 of 2nd period - Steven Stamkos wins face-off versus Mikhail Grabovski in Penguins zone.
19:01 of 2nd period - Tim Ramholt is hit by Cal Clutterbuck.
19:05 of 2nd period - Snap shot by Logan Couture.
19:05 of 2nd period - Stopped by Jonas Gustavsson without a rebound.
19:06 of 2nd period - Eric Staal wins face-off versus Logan Couture in Flames zone.
19:11 of 2nd period - Logan Couture is hit by Eric Staal and loses puck.
Goals for this period are 1 for Penguins vs 0 for Flames.
Shots for this period are 8 for Penguins vs 8 for Flames.
3rd period
0:01 of 3rd period - Eric Staal wins face-off versus Steven Stamkos in neutral zone.
0:58 of 3rd period - Snap shot by Danny DeKeiser.
0:58 of 3rd period - Shot Misses the Net.
1:12 of 3rd period - Snap shot by Eric Staal.
1:12 of 3rd period - Stopped by Sergei Bobrovsky with a rebound.
1:14 of 3rd period - Snap shot by Steve Eminger.
1:14 of 3rd period - Stopped by Sergei Bobrovsky with a rebound.
1:16 of 3rd period - Slapshot by Derek Meech.
1:16 of 3rd period - Stopped by Sergei Bobrovsky without a rebound.
1:17 of 3rd period - Eric Staal wins face-off versus Steven Stamkos in Penguins zone.
1:18 of 3rd period - Wrist shot by David Backes.
1:18 of 3rd period - Deflect By Brad Marchand.
1:18 of 3rd period - Shot Misses the Net.
1:18 of 3rd period - Puck is out of play.
1:19 of 3rd period - Brad Marchand wins face-off versus Andrew Cogliano in Penguins zone.
1:22 of 3rd period - Slapshot by Eric Staal.
1:22 of 3rd period - Stopped by Sergei Bobrovsky with a rebound.
1:24 of 3rd period - Slapshot by Eric Staal.
1:24 of 3rd period - Shot Misses the Net.
1:26 of 3rd period - Slapshot by Sami Vatanen.
1:26 of 3rd period - Stopped by Sergei Bobrovsky with a rebound.
1:28 of 3rd period - Snap shot by David Backes.
1:28 of 3rd period - Shot Blocked by Eric Gryba.
1:30 of 3rd period - Wrist shot by Eric Staal.
1:30 of 3rd period - Deflect By Brad Marchand.
1:30 of 3rd period - Stopped by Sergei Bobrovsky without a rebound.
1:31 of 3rd period - Steven Stamkos wins face-off versus Eric Staal in Penguins zone.
1:44 of 3rd period - Snap shot by Claude Giroux.
1:44 of 3rd period - Shot Misses the Net.
1:58 of 3rd period - Dustin Brown is hit by Colin Wilson and loses puck.
2:09 of 3rd period - Wrist shot by Ryan O'Reilly.
2:09 of 3rd period - Shot Blocked by Brendan Mikkelson.
2:11 of 3rd period - Wrist shot by Marcus Foligno.
2:11 of 3rd period - Shot Misses the Net.
2:45 of 3rd period - Slapshot by Danny DeKeiser.
2:45 of 3rd period - Stopped by Jonas Gustavsson with a rebound.
3:10 of 3rd period - Wrist shot by Brad Marchand.
3:10 of 3rd period - Stopped by Sergei Bobrovsky with a rebound.
3:36 of 3rd period - Slapshot by Ryan O'Reilly.
3:36 of 3rd period - Stopped by Jonas Gustavsson with a rebound.
3:46 of 3rd period - Keith Aulie is hit by Alexander Semin and loses puck.
4:07 of 3rd period - Tim Ramholt is hit by Cal Clutterbuck and loses puck.
4:23 of 3rd period - Logan Couture is hit by Kyle Palmieri and loses puck.
4:47 of 3rd period - Snap shot by Eric Staal.
4:47 of 3rd period - Goal by Eric Staal - Penguins : 3 - Flames : 5.
4:48 of 3rd period - Eric Staal wins face-off versus Steven Stamkos in neutral zone.
6:22 of 3rd period - Snap shot by Patrik Berglund.
6:22 of 3rd period - Shot Hit the Post.
6:24 of 3rd period - Wrist shot by Peter Prucha.
6:24 of 3rd period - Stopped by Sergei Bobrovsky without a rebound.
6:25 of 3rd period - Steven Stamkos wins face-off versus Alexander Semin in Penguins zone.
7:10 of 3rd period - Patrik Berglund is hit by Sean Zimmerman and loses puck.
7:15 of 3rd period - Snap shot by Claude Giroux.
7:15 of 3rd period - Shot Misses the Net.
7:17 of 3rd period - Snap shot by Claude Giroux.
7:17 of 3rd period - Shot Misses the Net.
7:19 of 3rd period - Slapshot by Sean Zimmerman.
7:19 of 3rd period - Stopped by Jonas Gustavsson with a rebound.
7:23 of 3rd period - Snap shot by Claude Giroux.
7:23 of 3rd period - Stopped by Jonas Gustavsson with a rebound.
7:35 of 3rd period - Wrist shot by Steven Stamkos.
7:35 of 3rd period - Deflect By Andrew Cogliano.
7:35 of 3rd period - Stopped by Jonas Gustavsson without a rebound.
7:36 of 3rd period - Dustin Brown wins face-off versus Eric Staal in Flames zone.
7:41 of 3rd period - Snap shot by Ryan O'Reilly.
7:41 of 3rd period - Stopped by Jonas Gustavsson with a rebound.
7:51 of 3rd period - Backhand shot by Ryan O'Reilly.
7:51 of 3rd period - Stopped by Jonas Gustavsson without a rebound.
7:52 of 3rd period - Logan Couture wins face-off versus Colin Wilson in Flames zone.
7:53 of 3rd period - Snap shot by Clarke MacArthur.
7:53 of 3rd period - Stopped by Jonas Gustavsson without a rebound.
7:54 of 3rd period - Logan Couture wins face-off versus Colin Wilson in Flames zone.
7:55 of 3rd period - Snap shot by Cal Clutterbuck.
7:55 of 3rd period - Stopped by Jonas Gustavsson without a rebound.
7:56 of 3rd period - Colin Wilson wins face-off versus Cal Clutterbuck in Flames zone.
8:54 of 3rd period - Backhand shot by Alexander Semin.
8:54 of 3rd period - Shot Misses the Net.
8:56 of 3rd period - Slapshot by Erik Johnson.
8:56 of 3rd period - Shot Misses the Net.
9:31 of 3rd period - Clarke MacArthur is hit by Derek Meech and loses puck.
10:39 of 3rd period - Clarke MacArthur is hit by Mikhail Grabovski and loses puck.
12:20 of 3rd period - Roman Josi is hit by Eric Staal.
12:56 of 3rd period - Patrik Berglund is hit by Dustin Brown and loses puck.
13:13 of 3rd period - Wrist shot by Steve Regier.
13:13 of 3rd period - Deflect By Jordin Tootoo.
13:13 of 3rd period - Shot Misses the Net.
13:13 of 3rd period - Puck is out of play.
13:14 of 3rd period - Steven Stamkos wins face-off versus Colin Wilson in Penguins zone.
13:18 of 3rd period - Minor Penalty to Keith Aulie for Interference.
13:19 of 3rd period - Steven Stamkos wins face-off versus Eric Staal in Penguins zone.
13:45 of 3rd period - Off-side.
13:46 of 3rd period - Patrik Berglund wins face-off versus Steven Stamkos in neutral zone.
14:07 of 3rd period - Snap shot by Eric Staal.
14:07 of 3rd period - Stopped by Sergei Bobrovsky without a rebound.
14:08 of 3rd period - Alexander Semin wins face-off versus Logan Couture in Penguins zone.
14:32 of 3rd period - Slapshot by Tim Ramholt.
14:32 of 3rd period - Shot Blocked by Danny DeKeiser.
14:34 of 3rd period - Wrist shot by Alexander Semin.
14:34 of 3rd period - Shot Misses the Net.
14:36 of 3rd period - Wrist shot by Alexander Semin.
14:36 of 3rd period - Shot Misses the Net.
14:38 of 3rd period - Snap shot by Alexander Semin.
14:38 of 3rd period - Stopped by Sergei Bobrovsky with a rebound.
14:40 of 3rd period - Snap shot by Alexander Semin.
14:40 of 3rd period - Shot Misses the Net.
14:42 of 3rd period - Wrist shot by David Backes.
14:42 of 3rd period - Shot Blocked by Claude Giroux.
14:44 of 3rd period - Wrist shot by Eric Staal.
14:44 of 3rd period - Stopped by Sergei Bobrovsky with a rebound.
14:46 of 3rd period - Wrist shot by Alexander Semin.
14:46 of 3rd period - Shot Misses the Net.
14:48 of 3rd period - Slapshot by Derek Meech.
14:48 of 3rd period - Deflect By David Backes.
14:48 of 3rd period - Stopped by Sergei Bobrovsky with a rebound.
15:18 of 3rd period - Penalty to Keith Aulie is over, Keith Aulie is back on ice.
15:54 of 3rd period - Snap shot by Cal Clutterbuck.
15:54 of 3rd period - Stopped by Jonas Gustavsson with a rebound.
16:40 of 3rd period - Backhand shot by Alexander Semin.
16:40 of 3rd period - Stopped by Sergei Bobrovsky without a rebound.
16:41 of 3rd period - Jordin Tootoo wins face-off versus Steven Stamkos in Penguins zone.
17:08 of 3rd period - Sami Vatanen is hit by Roman Josi and loses puck.
17:13 of 3rd period - Snap shot by Ryan O'Reilly.
17:13 of 3rd period - Stopped by Jonas Gustavsson without a rebound.
17:14 of 3rd period - Ryan O'Reilly wins face-off versus Colin Wilson in Flames zone.
18:07 of 3rd period - Snap shot by Ales Hemsky.
18:07 of 3rd period - Deflect By Joe Colborne.
18:07 of 3rd period - Stopped by Jonas Gustavsson with a rebound.
18:09 of 3rd period - Backhand shot by Joe Colborne.
18:09 of 3rd period - Shot Misses the Net.
18:11 of 3rd period - Slapshot by Danny DeKeiser.
18:11 of 3rd period - Shot Misses the Net.
18:13 of 3rd period - Snap shot by Joe Colborne.
18:13 of 3rd period - Shot Blocked by Sami Vatanen.
19:28 of 3rd period - Snap shot by Logan Couture.
19:28 of 3rd period - Shot Misses the Net.
19:43 of 3rd period - Icing by Steven Stamkos.
19:44 of 3rd period - Mikhail Grabovski wins face-off versus Ryan O'Reilly in Penguins zone.
19:47 of 3rd period - Wrist shot by Steve Regier.
19:47 of 3rd period - Shot Misses the Net.
Goals for this period are 0 for Penguins vs 1 for Flames.
Shots for this period are 12 for Penguins vs 14 for Flames.
Back to the Top